 Dungeon Crawl Stone Soup version 0.18.1-6-gd335043 (webtiles) character file.

117 Iamburgie the Covered (level 4, 0/41 HPs)
             Began as a Minotaur Fighter on May 17, 2016.
             Succumbed to a goblin's poison
             ... on level 3 of the Dungeon.
             The game lasted 00:05:02 (1404 turns).

Iamburgie the Covered (Minotaur Fighter)            Turns: 1404, Time: 00:05:03

Health: 0/41       AC:  7    Str: 20    XL:     4   Next: 71%
Magic:  3/3        EV:  8    Int:  5    God:
Gold:   93         SH:  9    Dex: 11    Spells: 0 memorised, 3 levels left

rFire  . . .     SeeInvis .     a - +0 war axe
rCold  . . .     Gourm    .     b - +0 scale mail
rNeg   . . .     Faith    .     c - +0 shield
rPois  .         Spirit   .     (helmet restricted)
rElec  .         Dismiss  .     (no cloak)
rCorr  .         Reflect  .     (no gloves)
SustAt .         Harm     .     (no boots)
MR     .....                    (no amulet)
Stlth  ..........               (no ring)
                                (no ring)

@: lethally poisoned (0 -> -1), not resistant to hostile enchantments, extremely
unstealthy
A: retaliatory headbutt, horns 2
a: no special abilities


You were on level 3 of the Dungeon.
You were not hungry.

You visited 1 branch of the dungeon, and saw 3 of its levels.

You collected 93 gold pieces.

Inventory:

Hand Weapons
 a - a +0 war axe (weapon)
Armour
 b - a +0 scale mail (worn)
 c - a +0 shield (worn)
 s - a +0 cloak
 u - a +0 pair of gloves
Wands
 t - a wand of disintegration (12/24)
Scrolls
 e - a scroll of random uselessness {unknown}
 h - 2 scrolls of noise {unknown}
 k - a scroll of fog {unknown}
 m - 3 scrolls of identify {unknown}
 n - a scroll of remove curse {unknown}
 p - a scroll of immolation {unknown}
 w - a scroll of enchant weapon {unknown}
Potions
 d - 2 potions of might
 g - a potion of cancellation {unknown}
 i - a potion of haste {unknown}
 j - 2 potions of curing {unknown}
 o - a potion of flight {unknown}
 q - a potion of agility {unknown}
 v - a potion of resistance {unknown}
 x - a potion of lignification {unknown}
Comestibles
 f - 3 bread rations
 r - 5 fruits
 z - a slice of pizza


   Skills:
 + Level 4.6 Fighting
 + Level 3.2 Axes
 + Level 4.7 Armour
 + Level 1.0 Dodging
 + Level 0.1 Stealth
 + Level 4.3 Shields


You had 3 spell levels left.
You didn't know any spells.

Dungeon Overview and Level Annotations

Branches:
Dungeon (3/15)

Altars:
Fedhas
Kikubaaqudgha
The Shining One


Innate Abilities, Weirdness & Mutations

You reflexively headbutt those who attack you in melee.
You have a pair of horns on your head.


Message History

Items here: % ) ÷ †† a dagger of venom; a jackal corpse; a goblin corpse; a chunk of flesh a bat skeleton You closely miss the jackal.
The jackal bites you but does no damage.
You block the jackal's attack.
You closely miss the jackal.
You feel sick. You block the jackal's attack. The jackal bites you.
* * * LOW HITPOINT WARNING * * *
You hit the jackal.
The jackal is moderately wounded.
The jackal closely misses you. The jackal bites you.
* * * LOW HITPOINT WARNING * * *
You closely miss the jackal.
The jackal bites you but does no damage.
The jackal barely misses you. You furiously retaliate!
You headbutt the jackal, but do no damage.
You slash the jackal!
You kill the jackal!
You die...

##+# .# .#...# .#
......# .# #
.......##.# .##
........#.##...#
...........b.>..
................
.......#.###...
#.....##@# ###...#
#.# ..#+# #.# #.#.#
#.#####..
####.#.####........
...............####
###..).########
#####.....#
.........##


There were no monsters in sight!

Vanquished Creatures
  Jessica (D:2)
  2 adders (D:3)
  2 oozes (D:1)
  3 worms (D:2)
  2 dart slugs
  A giant gecko (D:1)
  10 bats
  3 giant cockroaches
  5 goblins
  3 hobgoblins
  5 jackals (D:3)
  A ball python (D:1)
  3 giant newts
  A kobold (D:1)
  12 rats
54 creatures vanquished.

Vanquished Creatures (others)
  A human (D:2)
1 creature vanquished.

Grand Total: 55 creatures vanquished

Notes
Turn   | Place    | Note
--------------------------------------------------------------
     0 | D:1      | Iamburgie the Minotaur Fighter began the quest for the Orb.
     0 | D:1      | Reached XP level 1. HP: 19/19 MP: 0/0
    90 | D:1      | Reached XP level 2. HP: 27/27 MP: 1/1
   412 | D:1      | Reached XP level 3. HP: 33/33 MP: 2/2
   814 | D:2      | Noticed Jessica
   818 | D:2      | Killed Jessica
   818 | D:2      | Reached XP level 4. HP: 23/40 MP: 3/3
   827 | D:2      | Found a blossoming altar of Fedhas.
   940 | D:2      | Found an ancient bone altar of Kikubaaqudgha.
   941 | D:2      | Noticed a human
   943 | D:2      | Killed a human
  1246 | D:3      | Found a glowing golden altar of the Shining One.
  1361 | D:3      | Reached skill level 1 in Dodging
  1401 | D:3      | HP: 2/41 [jackal (2)]
  1404 | D:3      | Succumbed to a goblin's poison

Skill      XL: |  1  2  3  4 |
---------------+-------------+-----
Armour         | 4 |  4.7
Fighting       | 4 |  4.6
Shields        | 4 |  4.3
Axes           | 3 |  3.2
Dodging        | 1 |  1.0
Stealth        | |  0.1

Action                   |  1- 3 |  4- 6 || total
-------------------------+-------+-------++-------
Melee: War axe           |    75 |    68 ||   143
       Headbutt          |    11 |    12 ||    23
  Eat: Chunk             |       |     2 ||     2
Armor: Scale mail        |    35 |    27 ||    62
Dodge: Dodged            |    27 |    21 ||    48
Block: Shield            |    37 |    41 ||    78
